 Dungeon Crawl Stone Soup version 0.23.2 (webtiles) character file.

Game seed: 18058670543701873966

1460 Borgoz the Cutter (level 8, -1/49 HPs)
             Began as a Gargoyle Monk on Apr 9, 2019.
             Killed from afar by a starcursed mass (9 damage)
             ... with an accursed screaming
             ... on level 1 of the Abyss.
             The game lasted 00:13:47 (5453 turns).

Borgoz the Cutter (Gargoyle Monk)                   Turns: 5453, Time: 00:13:48

Health: -1/49      AC: 17    Str: 20 (21) XL:     8   Next: 76%
Magic:  12/17      EV:  8    Int: 12 (13) God:
Gold:   351        SH:  0    Dex: 11 (14) Spells: 7/7 levels left

rFire    . . .     SeeInvis .   b - +2 rapier
rCold    . . .     Gourm    .   (no shield)
rNeg     + . .     Faith    .   n - +0 plate armour of Uxkiess {Int+3} (curse)
rPois    ∞         Spirit   .   (no helmet)
rElec    +         Reflect  .   (no cloak)
rCorr    .         Harm     .   (no gloves)
MR       .....                  (no boots)
Stlth    ..........             (no amulet)
HPRegen  0.16/turn              h - ring of magical power
MPRegen  0.15/turn              (no ring)

@: mighty
A: negative energy resistance 1, electricity resistance, unbreathing,
petrification resistance, rot immunity, AC +5
a: no special abilities


You were on level 1 of the Abyss.
You were very hungry.

You visited 1 branch of the dungeon, and saw 6 of its levels.
You visited the Abyss 1 time.
You also visited: Sewer and Ossuary.

You collected 351 gold pieces.

Inventory:

Hand Weapons
 a - a +0 dagger of draining
 b - a +2 rapier (weapon)
Missiles
 d - 3 tomahawks (quivered)
Armour
 n - the cursed +0 plate armour of Uxkiess (worn) {Int+3}
   (You found it on level 1 of the Abyss)

   It affects your intelligence (+3).
   It has a curse placed upon it.
 p - a +0 leather armour
Jewellery
 h - a ring of magical power (left hand)
Wands
 k - a wand of random effects (21)
 v - a wand of digging (5)
Scrolls
 e - 3 scrolls of magic mapping
 i - 3 scrolls of remove curse
Potions
 f - 2 potions of cancellation
 j - a potion of lignification
 l - 6 potions of curing
 s - 3 potions of agility
 t - 4 potions of flight
Comestibles
 c - 8 rations


   Skills:
 + Level 5.3 Fighting
 * Level 5.8 Short Blades
 + Level 4.1 Armour
 * Level 5.3 Dodging
 + Level 5.2 Stealth


You had 7 spell levels left.
You didn't know any spells.
Your spell library contained the following spells:

 Spells                   Type           Power        Failure   Level  Hunger
 Freeze                   Ice            #...         100%        1    ##.....
 Throw Frost              Conj/Ice       #.....       100%        2    ###....
 Ozocubu's Armour         Chrm/Ice       #.......     100%        3    ####...
 Summon Ice Beast         Ice/Summ       #.......     100%        4    #####..
 Throw Icicle             Conj/Ice       #.......     100%        4    #####..


Dungeon Overview and Level Annotations

Branches:
Dungeon (6/15)
 Temple: D:4-7

Altars:
Dithmenos

Shops:
D:4 (:!


Innate Abilities, Weirdness & Mutations

You are resistant to torment.
Your stone body is resilient. (AC +5)
You are immune to poison.
You resist negative energy. (rN+)
You are resistant to electric shocks. (rElec)
You can survive without breathing.
You are immune to petrification.
You are immune to rotting.


Message History

The starcursed mass is lightly damaged.
The starcursed mass shudders and is absorbed by its neighbour.
You hit the starcursed mass.
The starcursed mass is lightly damaged.
A starcursed mass splits.
You puncture the starcursed mass!
The starcursed mass is moderately damaged.
The starcursed mass shudders and is absorbed by its neighbour.
A starcursed mass splits.
The starcursed mass shrieks in your mind.
A chorus of shrieks assaults your mind.
* * * LOW HITPOINT WARNING * * *
You hit the starcursed mass.
The starcursed mass is moderately damaged.
The starcursed mass shudders and is absorbed by its neighbour.
You hit the starcursed mass.
The starcursed mass is moderately damaged.
A starcursed mass splits.
A chorus of shrieks assaults your mind.
You die...

#### ##@X# #
##
#.#X[......#
## ###.....
### # .
...#. ....
..
.........##
#. ###
.....# . #
......# #
.... #.
#.##.##.# .
.....
....... .


You could see 2 starcursed masses.

Vanquished Creatures
  2 wraiths (Ossuary)
  A sky beast (D:5)
  An ogre (D:4)
  3 big kobolds (Sewer)
  A scorpion (D:5)
  4 wights (Ossuary)
  An orc priest (D:3)
  Crazy Yiuf (D:3)
  4 orc wizards
  A bullfrog skeleton (D:5)
  Jessica (D:2)
  4 gnolls (D:4)
  11 adders
  4 river rats (Sewer)
  An ooze (D:3)
  An adder skeleton (D:4)
  An adder zombie (Ossuary)
  7 worms
  5 dart slugs
  3 leopard geckos
  15 orcs
  8 bats
  5 giant cockroaches
  9 goblins
  7 hobgoblins
  11 jackals
  17 kobolds
  2 quokkas
  9 ball pythons
  A ball python skeleton (Ossuary)
  6 frilled lizards
  5 hobgoblin skeletons (Ossuary)
  A hobgoblin zombie (Ossuary)
  34 rats
187 creatures vanquished.

Notes
Turn   | Place    | Note
-------+----------+-------------------------------------------
     0 | D:1      | Borgoz the Gargoyle Monk began the quest for the Orb.
     0 | D:1      | Reached XP level 1. HP: 14/14 MP: 1/1
   116 | D:1      | Reached XP level 2. HP: 19/19 MP: 2/2
   505 | D:1      | Reached XP level 3. HP: 23/23 MP: 3/3
  1078 | D:2      | Reached skill level 1 in Armour
  1202 | D:2      | Noticed Jessica
  1203 | D:2      | Reached XP level 4. HP: 29/29 MP: 4/4
  1213 | D:2      | Killed Jessica
  1395 | D:2      | Reached XP level 5. HP: 26/33 MP: 5/5
  2351 | D:3      | Reached XP level 6. HP: 38/38 MP: 6/6
  2645 | D:3      | Found a runed translucent door.
  2646 | D:3      | Noticed Crazy Yiuf
  2839 | D:3      | Killed Crazy Yiuf
  2915 | D:4      | Found Kosix's Weapon Emporium.
  3150 | D:4      | Found Zawaman's Book Boutique.
  3214 | D:5      | Entered Level 5 of the Dungeon
  3231 | D:5      | Found a glowing drain.
  3264 | Sewer    | Entered a sewer
  3292 | Sewer    | Reached XP level 7. HP: 16/43 MP: 7/7
  3760 | D:5      | Found a sand-covered staircase.
  3764 | Ossuary  | Entered an ossuary
  3887 | Ossuary  | Reached skill level 5 in Short Blades
  3915 | Ossuary  | Noticed a flying skull
  3915 | Ossuary  | Noticed a wraith
  3922 | Ossuary  | Noticed a flying skull
  3923 | Ossuary  | Noticed a flying skull
  3947 | Ossuary  | Reached XP level 8. HP: 33/48 MP: 8/8
  4081 | Ossuary  | Noticed a flying skull
  4088 | Ossuary  | Noticed a wraith
  4089 | Ossuary  | Killed a wraith
  4099 | Ossuary  | Noticed a flying skull
  4104 | Ossuary  | Noticed a wraith
  4108 | Ossuary  | Killed a wraith
  4108 | Ossuary  | Reached skill level 5 in Fighting
  4226 | D:5      | Reached skill level 5 in Dodging
  4338 | D:4      | Found a shadowy altar of Dithmenos.
  4420 | D:4      | Reached skill level 5 in Stealth
  4863 | D:4      | Found Cuptid's Distillery.
  5299 | D:6      | HP: 2/49 [orc warrior/+0 trident (16)]
  5305 | D:6      | Cast into level 1 of the Abyss (orc)
  5359 | Abyss:1  | Noticed a mana viper
  5359 | Abyss:1  | Got a bloodstained plate armour
  5406 | Abyss:1  | Noticed a tentacled starspawn
  5423 | Abyss:1  | Noticed a starcursed mass
  5442 | Abyss:1  | Identified the cursed +0 plate armour of Uxkiess {Int+3}
                  | (You found it on level 1 of the Abyss)
  5453 | Abyss:1  | Killed from afar by a starcursed mass

Skill      XL: |  1  2  3  4  5  6  7  8 |
---------------+-------------------------+-----
Short Blades   | 3 4 5 |  5.8
Armour         | 1 2 3 4 |  4.1
Dodging        | 3 4 5 |  5.3
Stealth        | 3 4 5 |  5.2
Fighting       | 4 5 |  5.3

Action                   |  1- 3 |  4- 6 |  7- 9 || total
-------------------------+-------+-------+-------++-------
Melee: Dagger            |   119 |   348 |   187 ||   654
       Short sword       |     2 |       |       ||     2
       Rapier            |       |       |   158 ||   158
Throw: Tomahawk          |       |     1 |       ||     1
Evoke: Wand              |       |       |     1 ||     1
  Use: Scroll            |     3 |     2 |    10 ||    15
       Potion            |       |     6 |    11 ||    17
 Stab: Sleeping          |     6 |     2 |     8 ||    16
  Eat: Chunk             |     1 |     7 |     3 ||    11
       Ration            |       |       |     1 ||     1
Armor: Robe              |    38 |       |       ||    38
       Leather armour    |       |   106 |   103 ||   209
       Skin              |       |    33 |       ||    33
Dodge: Dodged            |    98 |   268 |   249 ||   615
